| TOP OF THE 1ST |
|
Lakewood BlueClaws batting - Pitching for Hagerstown Suns : RHP Nolan Carew
|
|
Pitching: RHP Nolan Carew
|
|
|
Batting: SHB Steve DeRienzo
|
0-0: Called Strike 0-1: Ball 1-1: Foul Ball, location: 2F 1-2: Ball 2-2: Fly out, F7 (Flyball, 7, EV 93.1 MPH)
|
|
Batting: RHB Kyle Reilly
|
0-0: Ball 1-0: Foul Ball, location: 2F 1-1: Ball 2-1: SINGLE (Groundball, 34D, EV 108.8 MPH)
|
|
Batting: RHB Alan Weller
|
0-0: Called Strike 0-1: Ball 1-1: Ball 2-1: Grounds into double play, 6-4-3 (Groundball, 56, EV 108.8 MPH)
|
| Top of the 1st over - 0 runs, 1 hit, 0 errors, 0 left on base; Lakewood 0 - Hagerstown 0 |
| BOTTOM OF THE 1ST |
|
Hagerstown Suns batting - Pitching for Lakewood BlueClaws : RHP Shamar Hansford
|
|
Pitching: RHP Shamar Hansford
|
|
|
Batting: RHB Taffounnout Kame
|
0-0: Foul Ball, location: 2F 0-1: Ball 1-1: Fly out, F7 (Flyball, 78S, EV 88.8 MPH)
|
|
Batting: RHB Aaron Bateman
|
0-0: Fly out, F8 (Line Drive, 8LM, EV 90.0 MPH)
|
|
Batting: RHB Leo Gutierrez
|
0-0: Ball 1-0: SINGLE (Groundball, 34S, EV 70.0 MPH) (infield hit)
|
|
Batting: RHB Xavier Reeves
|
0-0: Called Strike Leo Gutierrez steals 2nd base 0-1: Foul Ball, location: 2F 0-2: Ball 1-2: Ground out 3-1 (Groundball, 34, EV 85.0 MPH)
|
| Bottom of the 1st over - 0 runs, 1 hit, 0 errors, 1 left on base; Lakewood 0 - Hagerstown 0 |
| TOP OF THE 2ND |
|
Lakewood BlueClaws batting - Pitching for Hagerstown Suns : RHP Nolan Carew
|
|
Batting: SHB Brett St. Clair
|
0-0: Swinging Strike 0-1: Foul Ball, location: 2F 0-2: Ball 1-2: Ball 2-2: Ground out 4-3 (Groundball, 4, EV 88.1 MPH)
|
|
Batting: RHB Mike Maserang
|
0-0: Swinging Strike 0-1: Foul Ball, location: 2F 0-2: Ball 1-2: Strikes out swinging
|
|
Batting: LHB Josh George
|
0-0: Called Strike 0-1: Foul Ball, location: 2F 0-2: Strikes out looking
|
| Top of the 2nd over - 0 runs, 0 hits, 0 errors, 0 left on base; Lakewood 0 - Hagerstown 0 |
| BOTTOM OF THE 2ND |
|
Hagerstown Suns batting - Pitching for Lakewood BlueClaws : RHP Shamar Hansford
|
|
Batting: LHB Diego Gutierres
|
0-0: Swinging Strike 0-1: Ball 1-1: Ball 2-1: Ball 3-1: Called Strike 3-2: Base on Balls
|
|
Batting: LHB Mike Hamilton
|
0-0: Ball 1-0: Ball 2-0: Foul Ball, location: 2F 2-1: Ball 3-1: Called Strike 3-2: Base on Balls Diego Gutierres to second
|
|
Batting: RHB Ruben Luis
|
0-0: Ball 1-0: Swinging Strike 1-1: 3-RUN HOME RUN (Flyball, 7D, EV 93.8 MPH), Distance : 362 ft
|
|
Batting: RHB Steve Kunselman
|
0-0: Ball 1-0: Called Strike 1-1: Foul Ball, location: 2F 1-2: Ball 2-2: Ball 3-2: Base on Balls
|
|
Batting: RHB Jason Ewert
|
0-0: Called Strike 0-1: Called Strike 0-2: Ball 1-2: Strikes out swinging
|
|
Batting: RHB Taffounnout Kame
|
0-0: Ball 1-0: Called Strike Steve Kunselman steals 2nd base 1-1: Ball 2-1: Fly out, F9 (Flyball, 89S, EV 86.2 MPH)
|
|
Batting: RHB Aaron Bateman
|
0-0: Ground out 6-3 (Groundball, 6, EV 104.4 MPH)
|
| Bottom of the 2nd over - 3 runs, 1 hit, 0 errors, 1 left on base; Lakewood 0 - Hagerstown 3 |
| TOP OF THE 3RD |
|
Lakewood BlueClaws batting - Pitching for Hagerstown Suns : RHP Nolan Carew
|
|
Batting: LHB Eric Farren
|
0-0: Ball 1-0: Ball 2-0: DOUBLE (Line Drive, 8RXD, EV 103.1 MPH)
|
|
Batting: RHB Trent Hedrick
|
0-0: Swinging Strike 0-1: Ball 1-1: Swinging Strike 1-2: Ground out 5-3 (Groundball, 56, EV 81.2 MPH)
|
|
Batting: RHB Danny Habermehl
|
0-0: Swinging Strike 0-1: SINGLE (Groundball, 6MD, EV 98.8 MPH) Eric Farren to third Runner from 3rd tries for Home, SAFE, throw by CF to home
|
|
Batting: SHB Steve DeRienzo
|
0-0: Ball 1-0: Swinging Strike 1-1: Ball 2-1: Foul Ball, location: 2F 2-2: Ball 3-2: Fly out, F7 (Flyball, 7, EV 88.8 MPH)
|
|
Batting: RHB Kyle Reilly
|
0-0: Called Strike 0-1: Ball 1-1: Ball 2-1: SINGLE (Groundball, 56D, EV 105.0 MPH) Danny Habermehl to second
|
|
Batting: RHB Alan Weller
|
0-0: Called Strike 0-1: Ball 1-1: Ball 2-1: SINGLE (Flyball, 4D, EV 92.5 MPH) Danny Habermehl to third Kyle Reilly to second
|
|
Batting: SHB Brett St. Clair
|
0-0: Foul Ball, location: 2F 0-1: Ball 1-1: Ball 2-1: Ball 3-1: Foul Ball, location: 2F 3-2: DOUBLE (Line Drive, 7LM, EV 102.5 MPH) Danny Habermehl scores Kyle Reilly scores Alan Weller to third Alan Weller scores
|
|
Batting: RHB Mike Maserang
|
0-0: Ball 1-0: Ball 2-0: Ball 3-0: Called Strike 3-1: Foul Ball, location: 2F 3-2: Ground out 5-3 (Groundball, 56, EV 95.6 MPH)
|
| Top of the 3rd over - 4 runs, 5 hits, 0 errors, 1 left on base; Lakewood 4 - Hagerstown 3 |
| BOTTOM OF THE 3RD |
|
Hagerstown Suns batting - Pitching for Lakewood BlueClaws : RHP Shamar Hansford
|
|
Batting: RHB Leo Gutierrez
|
0-0: Swinging Strike 0-1: Foul Ball, location: 2F 0-2: Ball 1-2: Ground out U3 (Groundball, 3, EV 104.4 MPH)
|
|
Batting: RHB Xavier Reeves
|
0-0: Ball 1-0: Foul Ball, location: 2F 1-1: DOUBLE (Line Drive, 3D, EV 99.4 MPH)
|
|
Batting: LHB Diego Gutierres
|
0-0: Called Strike 0-1: Foul Ball, location: 2F 0-2: Foul Ball, location: 2F 0-2: Ground out 6-3 (Groundball, 6M, EV 83.1 MPH) Xavier Reeves to third
|
|
Batting: LHB Mike Hamilton
|
0-0: Ball 1-0: Fly out, F7 (Flyball, 7, EV 89.4 MPH)
|
| Bottom of the 3rd over - 0 runs, 1 hit, 0 errors, 1 left on base; Lakewood 4 - Hagerstown 3 |
| TOP OF THE 4TH |
|
Lakewood BlueClaws batting - Pitching for Hagerstown Suns : RHP Nolan Carew
|
|
Batting: LHB Josh George
|
0-0: Ball 1-0: SINGLE (Line Drive, 7S, EV 91.2 MPH)
|
|
Batting: LHB Eric Farren
|
0-0: Ball 1-0: Foul Ball, location: 2F 1-1: Called Strike Josh George is caught stealing 2nd base 2-6 1-2: Ball 2-2: Ground out 4-3 (Groundball, 34, EV 102.5 MPH)
|
|
Batting: RHB Trent Hedrick
|
0-0: SINGLE (Groundball, 6, EV 96.9 MPH)
|
|
Batting: RHB Danny Habermehl
|
0-0: Ball 1-0: Foul Ball, location: 2F 1-1: DOUBLE (Line Drive, 8LXD, EV 108.1 MPH) Trent Hedrick to third
|
|
Batting: SHB Steve DeRienzo
|
0-0: Ball 1-0: Ball 2-0: Foul Ball, location: 2F 2-1: Called Strike 2-2: Ground out 6-3 (Groundball, 6, EV 108.1 MPH)
|
| Top of the 4th over - 0 runs, 3 hits, 0 errors, 2 left on base; Lakewood 4 - Hagerstown 3 |
| BOTTOM OF THE 4TH |
|
Hagerstown Suns batting - Pitching for Lakewood BlueClaws : RHP Shamar Hansford
|
|
Batting: RHB Ruben Luis
|
0-0: Ground out 1-3 (Groundball, P, EV 64.4 MPH)
|
|
Batting: RHB Steve Kunselman
|
0-0: Foul Ball, location: 2F 0-1: Called Strike 0-2: Fly out, F9 (Flyball, 89S, EV 92.5 MPH)
|
|
Batting: RHB Jason Ewert
|
0-0: Ball 1-0: Ball 2-0: Called Strike 2-1: Foul Ball, location: 2F 2-2: Ball 3-2: Foul Ball, location: 2F 3-2: Ground out U3 (Groundball, 3, EV 82.5 MPH)
|
| Bottom of the 4th over - 0 runs, 0 hits, 0 errors, 0 left on base; Lakewood 4 - Hagerstown 3 |
| TOP OF THE 5TH |
|
Lakewood BlueClaws batting - Pitching for Hagerstown Suns : RHP Nolan Carew
|
|
Batting: RHB Kyle Reilly
|
0-0: SINGLE (Groundball, 4MD, EV 103.8 MPH) (infield hit)
|
|
Batting: RHB Alan Weller
|
0-0: Ball 1-0: Ball 2-0: Foul Ball, location: 2F 2-1: SINGLE (Groundball, 34, EV 80.0 MPH) (infield hit) Kyle Reilly to second
|
|
Pitching: RHP Gary Simmons
|
|
|
Batting: SHB Brett St. Clair
|
0-0: Ball 1-0: Foul Ball, location: 2F 1-1: Swinging Strike 1-2: Ball 2-2: Foul Ball, location: 2F 2-2: Strikes out swinging
|
|
Batting: RHB Mike Maserang
|
0-0: Ball 1-0: Ball 2-0: Ball 3-0: Called Strike 3-1: Foul Ball, location: 2F 3-2: Foul Ball, location: 2F 3-2: Base on Balls Kyle Reilly to third Alan Weller to second
|
|
Batting: LHB Josh George
|
0-0: Swinging Strike 0-1: Swinging Strike 0-2: Strikes out swinging
|
|
Batting: LHB Eric Farren
|
0-0: Called Strike 0-1: Swinging Strike 0-2: Foul Ball, location: 2F 0-2: Fly out, F9 (Flyball, 9D, EV 93.1 MPH)
|
| Top of the 5th over - 0 runs, 2 hits, 0 errors, 3 left on base; Lakewood 4 - Hagerstown 3 |
| BOTTOM OF THE 5TH |
|
Hagerstown Suns batting - Pitching for Lakewood BlueClaws : RHP Shamar Hansford
|
|
Batting: RHB Taffounnout Kame
|
0-0: Called Strike 0-1: SOLO HOME RUN (Flyball, 78XD, EV 115.6 MPH), Distance : 428 ft
|
|
Batting: RHB Aaron Bateman
|
0-0: Foul Ball, location: 2F 0-1: Called Strike 0-2: Ball 1-2: Foul Ball, location: 2F 1-2: Foul Ball, location: 2F 1-2: Foul Ball, location: 2F 1-2: Ball 2-2: SINGLE (Line Drive, 89S, EV 94.4 MPH)
|
|
Batting: RHB Leo Gutierrez
|
0-0: Ball 1-0: Ball 2-0: Called Strike 2-1: Ball 3-1: Fly out, F4 (Popup, 4D, EV 48.1 MPH)
|
|
Batting: RHB Xavier Reeves
|
0-0: Ball 1-0: Ball 2-0: Ball 3-0: Base on Balls Aaron Bateman to second
|
|
Batting: LHB Diego Gutierres
|
0-0: Ball 1-0: SINGLE (Line Drive, 56D, EV 94.4 MPH) Aaron Bateman to third Xavier Reeves to second Runner from 3rd tries for Home, SAFE, throw by LF to home
|
|
Pitching: RHP Jeff van Schaik
|
|
|
Batting: LHB Mike Hamilton
|
0-0: Called Strike 0-1: Ball 1-1: Hit by Pitch Xavier Reeves to third Diego Gutierres to second
|
|
Batting: RHB Ruben Luis
|
0-0: Called Strike 0-1: Ball 1-1: Ball 2-1: Ball 3-1: Base on Balls Xavier Reeves scores Diego Gutierres to third Mike Hamilton to second
|
|
Batting: RHB Steve Kunselman
|
0-0: Called Strike 0-1: Ball 1-1: Called Strike 1-2: Ball 2-2: Ball 3-2: Foul Ball, location: 2F 3-2: Fly out, F7 (Flyball, 78S, EV 90.0 MPH)
|
|
Batting: RHB Jason Ewert
|
0-0: Foul Ball, location: 2F 0-1: Swinging Strike 0-2: Foul Ball, location: 2F 0-2: Ball 1-2: Ball 2-2: Ball 3-2: Base on Balls Diego Gutierres scores Mike Hamilton to third Ruben Luis to second
|
|
Batting: RHB Taffounnout Kame
|
0-0: Ball 1-0: Swinging Strike 1-1: Called Strike 1-2: Ball 2-2: Foul Ball, location: 2F 2-2: Ball 3-2: Base on Balls Mike Hamilton scores Ruben Luis to third Jason Ewert to second
|
|
Batting: RHB Aaron Bateman
|
0-0: Ball 1-0: Called Strike 1-1: Fly out, F7 (Flyball, 7, EV 78.8 MPH)
|
| Bottom of the 5th over - 5 runs, 3 hits, 0 errors, 3 left on base; Lakewood 4 - Hagerstown 8 |
| TOP OF THE 6TH |
|
Lakewood BlueClaws batting - Pitching for Hagerstown Suns : RHP Gary Simmons
|
|
Batting: RHB Trent Hedrick
|
0-0: Ball 1-0: Swinging Strike 1-1: Ball 2-1: Called Strike 2-2: Strikes out swinging
|
|
Batting: RHB Danny Habermehl
|
0-0: SINGLE (Groundball, 6MD, EV 100.6 MPH)
|
|
Batting: SHB Steve DeRienzo
|
0-0: Ball 1-0: Called Strike 1-1: Grounds into double play, 4-6-3 (Groundball, 4, EV 81.9 MPH)
|
| Top of the 6th over - 0 runs, 1 hit, 0 errors, 0 left on base; Lakewood 4 - Hagerstown 8 |
| BOTTOM OF THE 6TH |
|
Hagerstown Suns batting - Pitching for Lakewood BlueClaws : RHP Jeff van Schaik
|
|
Batting: RHB Leo Gutierrez
|
0-0: Ball 1-0: Ball 2-0: Ball 3-0: Base on Balls
|
|
Batting: RHB Xavier Reeves
|
0-0: Called Strike 0-1: Ball 1-1: Ball Leo Gutierrez steals 2nd base 2-1: Foul Ball, location: 2F 2-2: Ground out 6-3 (Groundball, 6, EV 105.6 MPH)
|
|
Pitching: RHP John Hughes
|
|
|
Batting: LHB Diego Gutierres
|
0-0: Called Strike 0-1: SINGLE (Flyball, 56D, EV 89.4 MPH) Leo Gutierrez to third
|
|
Batting: LHB Mike Hamilton
|
0-0: Called Strike 0-1: Foul Ball, location: 2F 0-2: Foul Ball, location: 2F 0-2: Strikes out swinging
|
|
Batting: RHB Ruben Luis
|
0-0: Swinging Strike 0-1: Swinging Strike 0-2: Foul Ball, location: 2F 0-2: SINGLE (Groundball, 6M, EV 103.1 MPH) (infield hit) Leo Gutierrez scores Diego Gutierres to second
|
|
Batting: RHB Steve Kunselman
|
0-0: Ball 1-0: Ball 2-0: Called Strike 2-1: Foul Ball, location: 2F 2-2: Foul Ball, location: 2F 2-2: Ball 3-2: Foul Ball, location: 2F 3-2: Foul Ball, location: 2F 3-2: Base on Balls Diego Gutierres to third Ruben Luis to second
|
|
Batting: RHB Jason Ewert
|
0-0: Ball 1-0: Ball 2-0: Swinging Strike 2-1: Foul Ball, location: 2F 2-2: Ball 3-2: Strikes out swinging
|
| Bottom of the 6th over - 1 run, 2 hits, 0 errors, 3 left on base; Lakewood 4 - Hagerstown 9 |
| TOP OF THE 7TH |
|
Lakewood BlueClaws batting - Pitching for Hagerstown Suns : RHP Gary Simmons
|
|
Batting: RHB Kyle Reilly
|
0-0: Called Strike 0-1: Foul Ball, location: 2F 0-2: Strikes out swinging
|
|
Batting: RHB Alan Weller
|
0-0: Ball 1-0: Ball 2-0: Ball 3-0: Called Strike 3-1: Called Strike 3-2: SINGLE (Groundball, 4MD, EV 105.0 MPH)
|
|
Batting: SHB Brett St. Clair
|
0-0: Ball 1-0: Ball 2-0: Called Strike 2-1: Ball 3-1: Foul Ball, location: 2F 3-2: DOUBLE (Flyball, 8RXD, EV 97.5 MPH) Alan Weller to third Alan Weller scores
|
|
Batting: RHB Mike Maserang
|
0-0: Called Strike 0-1: Called Strike 0-2: Ball 1-2: Strikes out swinging
|
|
Batting: LHB Josh George
|
0-0: Ball 1-0: Swinging Strike 1-1: Ground out 6-3 (Groundball, 4MD, EV 85.0 MPH)
|
| Top of the 7th over - 1 run, 2 hits, 0 errors, 1 left on base; Lakewood 5 - Hagerstown 9 |
| BOTTOM OF THE 7TH |
|
Hagerstown Suns batting - Pitching for Lakewood BlueClaws : RHP John Hughes
|
|
Pitching: LHP Cesar Andrade
|
|
|
Batting: RHB Taffounnout Kame
|
0-0: Ball 1-0: Ball 2-0: Swinging Strike 2-1: Ball 3-1: Foul Ball, location: 2F 3-2: SINGLE (Groundball, 56S, EV 71.2 MPH) (infield hit)
|
|
Batting: RHB Aaron Bateman
|
0-0: Ball Taffounnout Kame steals 2nd, throwing error, E2 Taffounnout Kame to third 1-0: Foul Ball, location: 2F 1-1: Ground out 5-3 (Groundball, 56S, EV 79.4 MPH)
|
|
Batting: RHB Leo Gutierrez
|
0-0: Ball Wild Pitch! Taffounnout Kame scores 1-0: Ball 2-0: Ground out 6-3 (Groundball, 4M, EV 100.6 MPH)
|
|
Batting: RHB Xavier Reeves
|
0-0: Ball 1-0: DOUBLE (Line Drive, 9LM, EV 105.6 MPH)
|
|
Batting: LHB Diego Gutierres
|
0-0: Called Strike 0-1: Fly out, F3 (Popup, 3S, EV 68.1 MPH)
|
| Bottom of the 7th over - 1 run, 2 hits, 1 error, 1 left on base; Lakewood 5 - Hagerstown 10 |
| TOP OF THE 8TH |
|
Lakewood BlueClaws batting - Pitching for Hagerstown Suns : RHP Gary Simmons
|
|
Batting: LHB Eric Farren
|
0-0: Ball 1-0: Ball 2-0: Called Strike 2-1: Ball 3-1: DOUBLE (Line Drive, 8LXD, EV 110.6 MPH)
|
|
Batting: RHB Trent Hedrick
|
0-0: Ball 1-0: Ball 2-0: Ground out 5-3 (Groundball, 56S, EV 63.8 MPH) Eric Farren to third
|
|
Pitching: RHP Josh Jenkins
|
|
|
Batting: RHB Danny Habermehl
|
0-0: Called Strike 0-1: Ground out 6-3 (Groundball, 6, EV 95.6 MPH) Eric Farren scores
|
|
Batting: SHB Steve DeRienzo
|
0-0: Ball 1-0: Ball 2-0: Foul Ball, location: 2F 2-1: Swinging Strike 2-2: Strikes out swinging
|
| Top of the 8th over - 1 run, 1 hit, 0 errors, 0 left on base; Lakewood 6 - Hagerstown 10 |
| BOTTOM OF THE 8TH |
|
Hagerstown Suns batting - Pitching for Lakewood BlueClaws : LHP Cesar Andrade
|
|
Pitching: RHP Lance Brisson
|
|
|
Batting: LHB Mike Hamilton
|
0-0: Called Strike 0-1: Ball 1-1: Ball 2-1: Fly out, F9 (Flyball, 9S, EV 81.9 MPH)
|
|
Batting: RHB Ruben Luis
|
0-0: Called Strike 0-1: Ball 1-1: Ball 2-1: Called Strike 2-2: Ball 3-2: Fly out, F8 (Flyball, 89D, EV 97.5 MPH)
|
|
Batting: RHB Steve Kunselman
|
0-0: Ball 1-0: DOUBLE (Line Drive, 9LS, EV 105.0 MPH)
|
|
Batting: RHB Jason Ewert
|
0-0: Ball 1-0: Ball 2-0: Swinging Strike 2-1: Foul Ball, location: 2F 2-2: Foul Ball, location: 2F 2-2: Strikes out swinging
|
| Bottom of the 8th over - 0 runs, 1 hit, 0 errors, 1 left on base; Lakewood 6 - Hagerstown 10 |
| TOP OF THE 9TH |
|
Lakewood BlueClaws batting - Pitching for Hagerstown Suns : RHP Josh Jenkins
|
|
Pitching: RHP Chris Doty
|
|
|
Batting: RHB Kyle Reilly
|
0-0: Ball 1-0: Foul Ball, location: 2F 1-1: Swinging Strike 1-2: Strikes out swinging
|
|
Batting: RHB Alan Weller
|
0-0: Called Strike 0-1: Ball 1-1: Foul Ball, location: 2F 1-2: Ball 2-2: Strikes out looking
|
|
Batting: SHB Brett St. Clair
|
0-0: Called Strike 0-1: DOUBLE (Line Drive, 7LS, EV 107.5 MPH)
|
|
Batting: RHB Mike Maserang
|
0-0: Ball 1-0: Swinging Strike 1-1: Foul Ball, location: 2F 1-2: Ball 2-2: Ball 3-2: 2-RUN HOME RUN (Line Drive, 7D, EV 103.1 MPH), Distance : 375 ft
|
|
Batting: LHB Josh George
|
0-0: Called Strike 0-1: Ground out 6-3 (Groundball, 4M, EV 90.6 MPH)
|
| Top of the 9th over - 2 runs, 2 hits, 0 errors, 0 left on base; Lakewood 8 - Hagerstown 10 |
|